← All builds
Geo sea / Armada / Economy first / OBSERVED BUILD

Standard geo sea

Armada Geo sea build order · Supreme Isthmus

Standard Geo sea play: bot lab then shipyard in the cove, an early submarine and destroyer to contest the sea, geothermal around 7:40 to fund the later fleet transition.

Usually shipyard in the cove (87%)

#naval #eco · 741 distinct matches · 101 players · 80% of Armada Geo sea games · team won 54% of 791 · Recently observed

HOW TO PLAY IT

Key timing: Shipyard by 3:13

  1. Open 3 mex and wind into Bot Lab.
  2. Put up Shipyard with naval turret and BP for defense.
  3. Send out "submarine" then "destroyer" to contest the sea.
  4. Bring geothermal online to fund the fleet.
  5. Add Advanced Metal Extractor as the economy transitions.

Phase by phase

TYPICAL OF ITS 741 GAMES
  1. 1
  2. 2
  3. 3
  4. 4
PLAY THE OPENING

Follow the example game's first 6:00 step by step: what to build now, what comes next, and where it goes. At 1× it keeps pace with your own game.

  1. 1

    Up to the Bot Lab

    Economy
    • Metal Extractor3Mex
    • Wind Turbine3Wind
    Order
    1. Bot LabBot Lab after 3 mex, 3 winddone ~1:12, middle half 1:06–1:18

    Some games also: wind for allies (44%)

    By 0:55 in all: 3 mex · 3 wind

    The example game in this phase · 3 steps
    1. Mex ×3
    2. Wind ×3
    3. Bot LabBot Labdone 1:13 · typical 1:12
  2. 2

    Bot Lab to Shipyard

    Economy
    • Metal Extractor1Mex
    • Wind Turbine1Wind
    Order
    1. ShipyardShipyard after 4 mex, 4 winddone ~3:11, middle half 2:50–3:36
    Builders
    • Construction Bot3 Con bot
    • Lazarus2 Lazarus

    Some games also: pawn (43%) · con turret (37%) · crossbow (35%)

    By 2:47 in all: 4 mex · 4 wind

    The example game in this phase · 5 steps
    1. Construction BotCon bot
    2. LazarusLazarus ×2
    3. Construction BotCon bot
    4. LazarusLazarus
    5. ShipyardShipyarddone 2:32 · typical 3:11
  3. 3

    Shipyard to 5:00

    Economy
    • Metal Extractor4Mex
    • Wind Turbine1Wind
    Builders
    • Construction Ship1 Con ship
    Army
    • Dolphin3 Dolphin
    • Skater1 Skater
    • Corsair1 Destroyer
    Other
    • Radar Tower1 Radar Tower

    Some games also: submarine (44%) · Sentry (44%) · converter (32%) · pawn (32%) · con turret (31%)

    By 5:00 in all: 8 mex · 7 wind · 1 energy storage · 1 con turret

    The example game in this phase · 23 steps
    1. LazarusLazarus
    2. PawnPawn
    3. SkaterSkater ×2
    4. Construction ShipCon ship
    5. Mex
    6. EelSubmarinedone 3:13 · typical 4:21
    7. Mex
    8. Wind
    9. Construction ShipCon ship
    10. Mex
    11. Wind
    12. DolphinDolphin ×2
    13. Mex
    14. Wind
    15. DolphinDolphin ×2
    16. Mex
    17. DolphinDolphin
    18. Mex
    19. SkaterSkater
    20. Mex
    21. EelSubmarine
    22. Mex
    23. CorsairDestroyerdone 5:35 · typical 5:36
  4. 4

    5:00 to 10:00

    Economy
    • Metal Extractor2Mex
    • Wind Turbine12Wind
    • Energy Converter2Converter
    Builders
    • Construction Turret1 Con turret
    • Construction Ship1 Con ship
    • Grim Reaper1 Grim Reaper
    Army
    • Sentry1 Sentry
    • Dolphin5 Dolphin
    • Corsair2 Destroyer
    • Skater2 Skater

    Some games also: Radar Tower (48%) · geo (40%) · frigate (40%) · Harpoon (39%) · Naval Construction Turret (34%)

    By 10:00 in all: 11 mex · 19 wind · 1 geo · 4 converter · 1 energy storage · 2 con turret

    The example game in this phase · 264 steps
    1. Energy storage
    2. Construction ShipCon ship
    3. Mex
    4. Construction ShipCon ship
    5. Wind
    6. Construction ShipCon ship
    7. Wind
    8. Bot LabBot Labdone 6:23
    9. Mex
    10. Wind
    11. Construction ShipCon ship
    12. Wind
    13. Construction BotCon bot ×2
    14. Mex
    15. Wind ×2
    16. Construction BotCon bot ×2
    17. Wind
    18. Construction BotCon bot
    19. Wind
    20. Construction BotCon bot
    21. Naval Radar / Sonar TowerNaval Radar / Sonar Tower
    22. Construction BotCon bot
    23. Tidal
    24. Wind
    25. Construction BotCon bot ×2
    26. Wind
    27. Construction BotCon bot
    28. Tidal
    29. Advanced Metal ExtractorT2 mexdone 8:22 · typical 9:17
    30. Naval Construction Turret
    31. Construction BotCon bot
    32. Wind
    33. Construction BotCon bot
    34. Wind
    35. Tidal
    36. Naval Construction Turret
    37. Wind
    38. Naval Construction Turret
    39. Tidal
    40. Wind
    41. Advanced ShipyardAdvanced Shipyarddone 9:31
    42. Wind
    43. Advanced Metal ExtractorT2 mex
    44. Tidal
    45. Wind
    46. Geothermal PowerplantGeodone 9:05 · typical 7:46
    47. Wind ×2
    48. Advanced Metal ExtractorT2 mex
    49. Wind
    50. Tidal
    51. Wind
    52. Advanced Construction SubAdvanced Construction Sub
    53. Wind
    54. Tidal
    55. Naval Advanced Metal ExtractorNaval Advanced Metal Extractordone 10:22
    56. Wind
    57. Naval Energy Converter
    58. SentrySentry
    59. Advanced Metal ExtractorT2 mex
    60. Con turret ×2
    61. Naval Energy Converter
    62. Con turret
    63. ShipyardShipyarddone 10:24
    64. Wind
    65. Con turret ×2
    66. Naval Energy Converter
    67. Con turret
    68. Grim ReaperGrim Reaper
    69. Con turret
    70. SentrySentry
    71. Con turret
    72. Naval Advanced Metal ExtractorNaval Advanced Metal Extractor
    73. Naval Energy Converter
    74. Grim ReaperGrim Reaper
    75. Wind
    76. Naval Energy Converter
    77. Grim ReaperGrim Reaper
    78. Naval Energy Converter
    79. Wind
    80. SentrySentry
    81. Naval Energy Converter
    82. Advanced Metal ExtractorT2 mex
    83. Construction ShipCon ship
    84. VoyagerVoyager
    85. Wind
    86. Seaplane PlatformSeaplane Platformdone 11:54
    87. VoyagerVoyager
    88. Naval Energy Converter
    89. Wind ×4
    90. Naval Advanced Metal ExtractorNaval Advanced Metal Extractor
    91. Wind ×12
    92. Naval Energy Converter
    93. VoyagerVoyager
    94. Wind
    95. SentrySentry
    96. Wind ×9
    97. Naval Energy Converter
    98. Dragon's TeethDragon's Teeth
    99. Advanced Metal ExtractorT2 mex
    100. Wind ×2
    101. TsunamiTsunami
    102. Wind ×3
    103. Dragon's TeethDragon's Teeth ×2
    104. Wind
    105. VoyagerVoyager
    106. Wind ×5
    107. Naval Energy Converter
    108. Wind
    109. Dragon's TeethDragon's Teeth ×2
    110. Wind ×4
    111. TsunamiTsunami
    112. Wind
    113. Dragon's TeethDragon's Teeth
    114. Wind
    115. Dragon's TeethDragon's Teeth
    116. Wind ×3
    117. SentrySentry
    118. Wind ×2
    119. TsunamiTsunami
    120. Dragon's TeethDragon's Teeth
    121. Wind ×5
    122. Naval Energy Converter
    123. Wind ×7
    124. TsunamiTsunami
    125. Wind
    126. Converter
    127. Wind ×5
    128. Naval Energy Converter
    129. Wind ×2
    130. Naval Advanced Metal ExtractorNaval Advanced Metal Extractor
    131. Wind ×3
    132. TsunamiTsunami
    133. Converter ×2
    134. Wind ×5
    135. Converter
    136. Naval Energy Converter
    137. Wind ×2
    138. Converter
    139. Wind
    140. Converter
    141. Wind
    142. TsunamiTsunami
    143. Converter
    144. Dragon's TeethDragon's Teeth
    145. SentrySentry
    146. Converter
    147. Wind
    148. Converter
    149. Wind
    150. Converter ×3
    151. Naval Energy Converter
    152. Converter
    153. TsunamiTsunami
    154. Converter
    155. Wind
    156. Converter ×3
    157. Wind
    158. Converter ×2
    159. TsunamiTsunami
    160. Converter ×3
    161. Naval Construction Turret
    162. Naval Energy Converter
    163. Wind
    164. Radar TowerRadar Tower
    165. Converter ×4
    166. Naval Construction Turret
    167. Dragon's TeethDragon's Teeth
    168. Naval Advanced Metal ExtractorNaval Advanced Metal Extractor
    169. TsunamiTsunami
    170. Converter
    171. Wind
    172. Converter
    173. Naval Energy Converter
    174. Wind ×2
    175. Dragon's TeethDragon's Teeth
    176. Naval Construction Turret
    177. Dragon's TeethDragon's Teeth
    178. SentrySentry
    179. Dragon's TeethDragon's Teeth ×2
    180. Wind
    181. Dragon's TeethDragon's Teeth
    182. Wind ×2
    183. Converter
    184. TsunamiTsunami
    185. Wind ×4
    186. Advanced Geothermal PowerplantAdvanced Geothermal Powerplantnot finished by 15:00
    187. Naval Energy Converter
    188. Wind ×2
    189. Naval Construction Turret
    190. Wind ×3
    191. Dragon's TeethDragon's Teeth
    192. Wind ×2
    193. Naval Construction Turret
    194. Wind ×6
    195. Naval Energy Converter
    196. Naval Construction Turret
    197. Wind ×3
    198. PlatypusPlatypus
    199. Wind ×2
    200. Naval Construction Turret
    201. Wind ×5
    202. Naval Construction Turret
    203. Wind ×2
    204. Naval Construction Turret
    205. Wind ×2
    206. Naval Energy Converter
    207. Wind
    208. Naval Construction Turret
    209. Wind ×2
    210. SentrySentry
    211. Wind ×3
    212. TsunamiTsunami
    213. Naval Advanced Metal ExtractorNaval Advanced Metal Extractor
    214. Wind ×8
    215. TsunamiTsunami
    216. PlatypusPlatypus
    217. Wind ×3
    218. Naval Energy Converter
    219. Wind
    220. TsunamiTsunami
    221. Wind ×3
    222. PlatypusPlatypus
    223. Wind ×2
    224. Converter
    225. Wind
    226. TsunamiTsunami
    227. Wind ×2
    228. Naval Construction Turret
    229. Wind ×4
    230. Converter
    231. Naval Construction Turret
    232. Wind
    233. TsunamiTsunami
    234. Wind
    235. Naval Energy Converter
    236. Wind ×5
    237. TsunamiTsunami
    238. PlatypusPlatypus
    239. Wind ×3
    240. TsunamiTsunami
    241. Wind ×3
    242. SentrySentry
    243. Wind ×4
    244. Naval Construction Turret
    245. TsunamiTsunami
    246. Wind
    247. Naval Energy Converter
    248. Wind ×3
    249. TsunamiTsunami
    250. Wind ×5
    251. Naval Construction Turret
    252. TsunamiTsunami
    253. Wind ×4
    254. Naval Energy Converter
    255. Wind ×3
    256. Converter
    257. Naval Construction Turret
    258. Wind ×2
    259. Converter ×2
    260. Wind ×2
    261. Naval Construction Turret
    262. Wind
    263. Naval Energy Converter
    264. Converter ×2

Counts are medians over the build's games: half of them build more, half fewer. The example game is SeduceUrAfus's (46 OS, 11/09/2026); pick another.

Team trades

IN AT LEAST 30% OF ITS GAMES

You hand over

  • Wind Turbine2 Wind to Airfirst at 1:41 · in 62% of games

You get

  • Finch1 Finch from Airfirst at 1:51 · in 74% of games
  • Hercules1 Light transport from Airfirst at 2:05 · in 63% of games
  • Advanced Construction Bot1 T2 con bot from Techfirst at 7:41 · in 89% of games

How it plays out

Typical game of this build, running totals by minute

Metal produced

010k20k30k
0:005:0010:0015:00

metal

Enemy metal destroyed

05k10k
0:005:0010:0015:00

metal

Own metal lost

02.5k5k7.5k
0:005:0010:0015:00

metal

791 games.

Show as table
ByMetal produced: This buildEnemy metal destroyed: This buildOwn metal lost: This build
1:0039500
2:0092800
3:00160200
4:002919051
5:00414517674
6:005553544312
7:0071121005650
8:00877617751054
9:001068325511695
10:001295135102275
11:001568346973191
12:001864157823974
13:002185969034814
14:002555779955686
15:002902091276710
WHAT THE NUMBERS SAY

Standard Armada geo sea nearly matches Cortex's economy numbers but wins slightly more often at 53%.

  • + Metal produced reaches 28785 by 15:00, the highest of the sea builds
  • + Own metal lost of 6895 stays well under enemy metal destroyed's 9048
  • − Geothermal only lands in 58% of games by 7:34
  • − T2 factory completes in only 40% of games by 12:43
THE EXAMPLE YOU ARE READING

SeduceUrAfus

45.6 OS · 11/09/2026

Open source match ↗

3 received units · includes a constructor
225 metal received · 32835 energy received

Allied construction assistance is unknown. Timings are observations, not a promise of solo reproducibility.

Typical milestones

Bot Lab1:12Middle 50%: 1:06–1:18 · n=759
Shipyard3:11Middle 50%: 2:50–3:36 · n=780
Eel4:21Middle 50%: 3:41–5:34 · n=473
Corsair5:36Middle 50%: 4:50–6:34 · n=730
Geothermal Powerplant7:46Middle 50%: 6:48–9:15 · n=482
Advanced Metal Extractor9:17Middle 50%: 8:37–10:06 · n=689

Played most by

Optimusprimenutt52games of this build_X_49games of this buildKingBenjai49games of this buildhaaven43games of this buildHummell34games of this build